woodfighter, lawful female dwarven Priestess ----------- -------------- ---------- +.........| |..........)i| #....%....| |.........| |...*.l.i...%| #|......%)|# |.........| |...QQ.....@.| #|.......%.##########..........+ --.-.--------- #|........|# ---|------- ###### #---------- # #`## ### # ### # # # # # ### ## # # ----.----# ####### |%.......# #-----.- |...%..%| #|.....| |........ ######|.....| --------- #`####......| |..|..+ |.<...| ------- woodfighter the Adept Experience level: 9 Strength: 25 Dexterity: 16 Constitution: 18 Intelligence: 16 Wisdom: 9 Charisma: 12 Health: 0(77) Energy: 46(46) Def: 4 Gold: 0 Moves: 15463 Dungeon seed: jnaakyZcX5OknPIG Game ID: woodfighter_1555014045 Your Inventory: Weapons a - a blessed rusty corroded +6 mace (weapon in hand) c - a blessed +3 dwarvish spear Armor n - a +0 small shield (being worn) q - a +0 mummy wrapping C - a rusty +0 pair of gauntlets of power (being worn) N - a +0 pair of jumping boots (being worn) Y - a blessed +1 helmet (being worn) Comestibles H - a fortune cookie J - 2 eucalyptus leaves K - a food ration M - 2 tripe rations T - 2 sprigs of wolfsbane Rings j - a ring of searching (on left hand) l - a ring of free action (on right hand) Wands d - a wand of digging (0:7) f - a wand of fire (0:3) Q - a wand of speed monster (0:0) Tools b - a stethoscope s - a bag of holding y - a skeleton key W - a towel X - an oil lamp (0:1016) Gems e - a worthless piece of white glass k - a luckstone Contents of the bag of holding: 1635 gold pieces a scroll of magic mapping a can of grease [0:5] a [+0] pick-axe Spells and supernatural/magical abilities: Name Level Category Fail Memory l - light 1 divination 79% 23% p - protection 1 clerical 79% 23% W - pray for help -- divine ? -- X - turn undead -- divine ? -- Y - supernatural jump -- ability ? -- Your skills at the end: Miscellaneous Skills shield [Basic] wands [Basic] Weapon Skills pick-axe [Basic] mace [Basic] Spellcasting Skills clerical spells [Basic] Final Attributes: You were piously aligned. You were poison resistant. Your writing hand was ok. You were telepathic. You had automatic searching. You had infravision. You were very stealthy. You could jump. You had free action. You were lucky. You had extra luck. Bad luck did not time out for you. Good luck did not time out for you. You are dead. Vanquished creatures: 2 giant mimics a large mimic 5 small mimics 2 warhorses 2 pyrolisks a freezing sphere 2 flaming spheres a gargoyle a gelatinous cube a crocodile an incubus a giant beetle a wolf a lynx a panther a gremlin 12 leprechauns a giant spider a scorpion an iron piercer a brown pudding a werewolf a dog 3 dingos 2 housecats a water nymph a dust vortex a snake 4 apes a soldier ant a bugbear an imp a wood nymph 8 Mordor orcs 6 Uruk-hai an orc shaman 2 rock moles 3 ponies 3 fog clouds a violet fungus a gnomish wizard a kobold mummy a red naga hatchling a barrow wight 3 elf zombies a ghoul 3 giant ants 3 puppies 2 floating eyes 3 kittens a dwarf a homunculus 2 kobold lords 3 kobold shamans 3 iguanas 9 hill orcs a rothe a rabid rat 3 centipedes 3 giant bats a monkey 2 orc zombies a dwarf zombie 2 wererats a werejackal 2 killer bees 5 coyotes 2 gas spores 5 hobbits 2 acid blobs a large kobold 5 geckos 5 hobgoblins 7 giant rats 2 cave spiders a brown mold 3 yellow molds 2 green molds a red mold 23 gnomes 6 garter snakes 9 manes 2 gnome zombies 14 jackals 3 foxes 11 newts 8 goblins 13 sewer rats 7 grid bugs 5 bats 7 lichens a kobold zombie 287 creatures vanquished. Voluntary challenges: You did not cause conflict. You were not invisible. You did not have reflection. You were not displaced. You had been an atheist until turn 2790. You used a wielded weapon 293 times, starting on turn 236. You did not apply a unicorn horn. You did not use plumbed fixtures. You did not drink any magical draughts. You read items or engraved 8 times, starting on turn 1169. You never genocided any monsters. You never polymorphed an object. You changed form 2 times, starting on turn 11476. You completed Sokoban on turn 7443, according to the rules. You used no wishes. You split 1 pudding, starting on turn 15402. You wrote Elbereth's name 1 time, starting on turn 15339. You never violated your personal moral code. Dungeon overview: The Dungeons of Doom: levels 1 to 8 Level 1 an altar to Brigit a long staircase Level 2 (vault) an armor shop, a fountain Level 3 a general store, a fountain stairs to The Gnomish Mines Level 4 a general store, a fountain Level 5 (box) an altar to Lugh, a fountain Level 6 many fountains Level 7 a potion shop stairs to Sokoban Level 8 <- You were here The Gnomish Mines: levels 4 to 12 Level 4 stairs to The Dungeons of Doom Level 5 Level 6 Level 7 many shops, a temple to Brigit, a magic chest, some fountains Level 8 Level 9 Level 10 Level 11 Level 12 a magic chest, a fountain Sokoban: levels 3 to 6 Level 3 a magic chest Level 4 a delicatessen, a magic chest Level 5 Level 6 a magic chest stairs to The Dungeons of Doom History has recorded: On T:1 you entered the Dungeons of Doom to retrieve the Amulet of Yendor! On T:178 you reached level 2 of The Dungeons of Doom. On T:595 you reached level 3 of The Dungeons of Doom. On T:1000 you advanced to experience level 2. On T:1004 you reached level 4 of The Dungeons of Doom. On T:1030 you reached level 1 of The Gnomish Mines. On T:1415 you advanced to experience level 3. On T:1815 you reached level 5 of The Dungeons of Doom. On T:2098 you advanced to experience level 4. On T:2196 you reached level 6 of The Dungeons of Doom. On T:2790 you prayed to Lugh. On T:3371 you advanced to experience level 5. On T:3489 you reached level 7 of The Dungeons of Doom. On T:3708 you reached level 8 of The Dungeons of Doom. On T:3897 you advanced to experience level 6. On T:4014 you prayed to Lugh. On T:4096 you reached level 4 of Sokoban. On T:4184 you opened a magic chest. On T:4631 you reached level 3 of Sokoban. On T:5081 you reached level 2 of Sokoban. On T:5658 you reached level 1 of Sokoban. On T:5722 you advanced to experience level 7. On T:7443 you advanced to experience level 8. On T:7443 you entered the Sokoban zoo. On T:8420 you reached level 2 of The Gnomish Mines. On T:8868 you reached level 3 of The Gnomish Mines. On T:9452 you reached level 4 of The Gnomish Mines. On T:10054 you entered the Minetown temple On T:10245 you reached level 5 of The Gnomish Mines. On T:10731 you reached level 6 of The Gnomish Mines. On T:10945 you reached level 7 of The Gnomish Mines. On T:12654 you reached level 8 of The Gnomish Mines. On T:12947 you reached level 9 of The Gnomish Mines. On T:12947 you reached the bottom of the Mines. On T:13019 you advanced to experience level 9. On T:13039 you prayed to Lugh. On T:15344 you prayed to Lugh. Score breakdown: Gold: 1635 ( 163 points) Experience: 9 levels ( 800 points) Exploration: 12 levels ( 330 points) Discoveries: 33 items ( 1650 points) Variety of kills: 92 monsters ( 2000 points) Major goal: Sokoban/Mines ( 1500 points) Survival: died (score multiplied by 3) Total score: 19329 Latest messages: The soldier ant stings! You hit the soldier ant! The soldier ant bites! The soldier ant stings! The soldier ant's sting was poisoned, but it doesn't affect you. The soldier ant just misses! The soldier ant misses. You kill the soldier ant! You see here a soldier ant corpse. You hit the floating eye! As you meet its deep, meaningful gaze, you feel its suffering as though it were your own. You stop exploring. The dwarvish spear hits the leprechaun! u - a blessed dwarvish spear (in quiver). You hit the leprechaun! The leprechaun reads a scroll labeled XIXAXA XOXAXA XUXAXA! You see here 9 rocks. You miss wildly and stumble forwards. You hit the leprechaun! (3x) The dwarvish spear hits the leprechaun! The Green-elf wields a runed bow! You kill the leprechaun! The Green-elf zaps a wand of striking! The wand hits you! You die... Final status: Goodbye woodfighter the Priestess, killed by a force bolt... You died in The Dungeons of Doom on dungeon level 8 with 19329 points, and 1635 pieces of gold, after 15463 moves. You were level 9 with a maximum of 77 hit points when you died.